 Dungeon Crawl Stone Soup version 0.28-a0-1447-ga5a8893891 (webtiles) character file.

Game seed: 8927858492337173091

42 oldriver the Skirmisher (level 3, 0/30 HPs)
             Began as a Formicid Chaos Knight on Jan 11, 2022.
             Was a Plaything of Xom.
             Slain by Crazy Yiuf (10 damage)
             ... on level 2 of the Dungeon.
             The game lasted 00:01:06 (1369 turns).

oldriver the Skirmisher (Formicid Chaos Knight)     Turns: 1369, Time: 00:01:06

Health: 0/30       AC:  5    Str: 18    XL:     3   Next: 80%
Magic:  3/3        EV: 11    Int: 11    God:    Xom [..*...]
Gold:   78         SH:  0    Dex: 10    Spells: 2/2 levels left

rFire   . . .      SeeInvis +   a - +0 hand axe (chaos)
rCold   . . .      Faith    .   (no shield)
rNeg    . . .      Spirit   .   b - +2 leather armour
rPois   .          Reflect  .   (helmet unavailable)
rElec   .          Harm     .   (no cloak)
rCorr   .          Rampage  .   (no gloves)
Will    .....                   (no boots)
Stlth   +.........              (no amulet)
HPRegen 0.10/turn               (no ring)
MPRegen 0.08/turn               (no ring)

@: lethally poisoned (0 -> -4)
A: permanent stasis, dig shafts and tunnels, antennae 3, four strong arms
a: Dig, Shaft Self, Renounce Religion


You were on level 2 of the Dungeon.
You worshipped Xom.
You were a toy of Xom.
You visited 1 branch of the dungeon, and saw 2 of its levels.

You collected 78 gold pieces.

Inventory:

Hand Weapons
 a - a +0 hand axe of chaos (weapon)
Missiles
 g - 2 throwing nets
 h - 6 atropa-tipped darts
Armour
 b - a +2 leather armour (worn)
Scrolls
 c - a scroll of noise {unknown}
 e - 3 scrolls of identify {unknown}
Potions
 d - 2 potions of attraction {unknown}
 f - a potion of might {unknown}


   Skills:
 + Level 3.8 Fighting
 + Level 3.4 Axes
 + Level 2.8 Armour
 + Level 1.4 Dodging


You had 2 spell levels left.
You didn't know any spells.
Your spell library was empty.

Dungeon Overview and Level Annotations

Branches:
Dungeon (2/15)

Altars:

Annotations:
D:2 Crazy Yiuf


Innate Abilities, Weirdness & Mutations

You cannot be hasted, slowed, berserked, paralysed or teleported.
You can dig through walls and to a lower floor.
You have a pair of large antennae on your head. (SInv)
Your four strong arms can wield two-handed weapons with a shield.


Message History

You see here a +0 ring mail.
You see here a +0 ring mail.
You see here a +0 chain mail.
Key pressed, stopping explore.
There is a stone staircase leading up here. "How about this?"
Your coppery potion briefly vibrates.
Xom makes a sudden noise!
You hear maniacal laughter.
You hear a shout!
Found a mace.
Found a runed translucent door.
Crazy Yiuf shouts!
No target in view!
No target in view!
No target in view!
Could not explore, unopened runed door.
No reachable target in view!
No reachable target in view!
You open the door. You hit Crazy Yiuf. Lightning courses through Crazy Yiuf!
Crazy Yiuf is severely wounded.
Crazy Yiuf hits you with a +2 quarterstaff of chaos!
You closely miss Crazy Yiuf.
Crazy Yiuf is severely wounded.
Crazy Yiuf hits you with a +2 quarterstaff of chaos.
You are poisoned.
You are too injured to fight recklessly!
You are too injured to fight recklessly!
You are too injured to fight recklessly!
You hit Crazy Yiuf.
Crazy Yiuf is severely wounded.
You feel sick.
Crazy Yiuf hits you with a +2 quarterstaff of chaos.
Your stasis prevents you from being hasted.
Xom is highly amused!
Xom thinks this is hilarious!
You barely miss Crazy Yiuf.
Crazy Yiuf is severely wounded.
You feel sick.
Crazy Yiuf hits you with a +2 quarterstaff of chaos!
You die... "This toy is broken."

#.# #..)<#
#........# #.
#.########
#####....# ##.
#.....# #....#
#.. #.....#
##### #....#
#.. #.....#
#)..# #....#
#.. #.....#
#...# #....#
#.. #.....#
... #....# #..
#.....# #g#
#.#### #..
#.....# ♣@♣♣
#.# #..
#.....# ♣♣.♣
#.# #.#
##....# ♣.♣♣
#.########.#
#...<# ♣♣.♣
#..........#
#....# ♣♣.♣♣
############
#....# ♣♣...♣
#....# ♣....♣
#....# #....#
####.####....#


You could see Crazy Yiuf.

Vanquished Creatures
  A dart slug (D:1)
  5 ball pythons
  3 bats (D:1)
  2 endoplasms
  A giant cockroach (D:1)
  2 goblins (D:2)
  5 hobgoblins (D:1)
  3 jackals (D:1)
  A kobold (D:2)
  3 quokkas
  5 frilled lizards
  5 rats
36 creatures vanquished.

Notes
Turn   | Place    | Note
-------+----------+-------------------------------------------
     0 | D:1      | oldriver the Formicid Chaos Knight began the quest for the
                  | Orb.
     0 | D:1      | Reached XP level 1. HP: 18/18 MP: 1/1
     4 | D:1      | XOM: potion effect (curing)
     9 | D:1      | Reached skill level 1 in Dodging
    29 | D:1      | Reached XP level 2. HP: 18/24 MP: 2/2
    29 | D:1      | XOM: silly message
   256 | D:1      | XOM: cloud trail
   294 | D:1      | XOM: silly message
   308 | D:1      | Reached XP level 3. HP: 25/29 MP: 3/3
  1346 | D:2      | XOM: silly message
  1358 | D:2      | XOM: noise
  1361 | D:2      | Found a runed translucent door.
  1361 | D:2      | Noticed Crazy Yiuf
  1369 | D:2      | Slain by Crazy Yiuf

Illustrated notes

Levels and vault maps discovered:
D:1:      beargit_arrival_greenhouse, layout_rooms, minmay_heptomino_w4
D:2:      layout_basic, uniq_crazy_yiuf_cottage

Skill      XL: |  1 |
---------------+----+-----
Dodging        | 1 |  1.4
Fighting       | |  3.8
Axes           | |  3.4
Armour         | |  2.8

Action                   || total
-------------------------++-------
Melee: Hand axe          ||    83
       Punch             ||     1
 Stab: Sleeping          ||     1
Armor: Leather armour    ||    35
Dodge: Dodged            ||    65

Table legend: (Time is in decaauts)
 A = Elapsed time spent in this place.
 B = Non-inter-level travel time spent in this place.
 C = Inter-level travel time spent in this place.
 D = Time resting spent in this place.
 E = Time spent auto-exploring this place.
 F = Levels seen in this place.
 G = Mean time per level.
                   A        B        C        D        E       F      G
               +--------+--------+--------+--------+--------+-----+--------+
         Total |   1380 |   1352 |     28 |      0 |   1143 |   2 |  690.0 |
       Dungeon |   1380 |   1352 |     28 |      0 |   1143 |   2 |  690.0 |
               +--------+--------+--------+--------+--------+-----+--------+

Top non-repeatable levels by time:
     D:1: 754 daAuts
     D:2: 626 daAuts
